 Dungeon Crawl Stone Soup version 0.30-a0-824-g6c64550be9 (webtiles) character file.

Game seed: 8360265232892131383

322 retardedninja the Shield-Bearer (level 6, 0/79 HPs)
             Began as a Gnoll Fighter on Feb 27, 2023.
             Killed from afar by Dowan (4 damage)
             ... with a shard of ice
             ... on level 4 of the Dungeon.
             The game lasted 00:03:56 (3282 turns).

retardedninja the Shield-Bearer (Gnoll Fighter)     Turns: 3282, Time: 00:03:57

Health: 0/79       AC: 23    Str: 17      XL:     6   Next: 47%
Magic:  7/9        EV:  2    Int:  5 (8)  God:
Gold:   175        SH:  5    Dex: 10 (11) Spells: 9/9 levels left

rFire   . . .      SeeInvis .    a - +0 flail
rCold   + . .      Faith    .    c - +0 buckler
rNeg    . . .      Spirit   .    (body armour currently unavailable)
rPois   +          Reflect  .    (helmet currently unavailable)
rElec   .          Harm     .    (cloak currently unavailable)
rCorr   .          Rampage  .    (gloves currently unavailable)
Will    .....      NoTele   +    (boots currently unavailable)
Stlth   ++                       (no amulet)
HPRegen 0.33/turn                d - ring of protection from cold
MPRegen 0.11/turn                (no ring)

@: brilliant, tree-form
A: stationary, stasis, torment immunity, boosted hp, (fangs 1), strong nose,
distributed training
a: no special abilities


You were on level 4 of the Dungeon.
You were a tree.
You visited 1 branch of the dungeon, and saw 4 of its levels.

You collected 175 gold pieces.

Inventory:

Hand Weapons
 a - a +0 flail (weapon)
Armour
 c - a +0 buckler (worn)
 l - a +0 pair of boots (melded)
 o - a +0 helmet (melded)
 q - a +4 chain mail of fire resistance (melded)
Jewellery
 d - a ring of protection from cold (left branch)
Scrolls
 b - a scroll of enchant armour {unknown}
 g - 3 scrolls of identify {unknown}
 h - a scroll of amnesia {unknown}
 i - 3 scrolls of teleportation {unknown}
 j - a scroll of noise {unknown}
 k - a scroll of magic mapping {unknown}
 n - 2 scrolls of enchant weapon {unknown}
Potions
 f - a potion of attraction


   Skills:
 + Level 6.8 Fighting
 + Level 2.0 Short Blades
 + Level 2.0 Long Blades
 + Level 2.0 Axes
 + Level 5.0 Maces & Flails
 + Level 2.0 Polearms
 + Level 2.0 Staves
 + Level 2.0 Ranged Weapons
 + Level 2.0 Throwing
 + Level 6.8 Armour
 + Level 2.0 Dodging
 + Level 2.0 Stealth
 + Level 6.8 Shields
 + Level 2.0 Unarmed Combat
 + Level 2.0 Spellcasting
 + Level 1.6 Conjurations
 + Level 1.6 Hexes
 + Level 1.6 Summonings
 + Level 1.6 Necromancy
 + Level 1.6 Translocations
 + Level 1.6 Transmutations
 + Level 1.6 Fire Magic
 + Level 1.6 Ice Magic
 + Level 1.6 Air Magic
 + Level 1.6 Earth Magic
 + Level 1.6 Poison Magic
 + Level 2.2 Invocations
 + Level 2.0 Evocations


You had 9 spell levels left.
You didn't know any spells.
Your spell library was empty.

Dungeon Overview and Level Annotations

Branches:
Dungeon (4/15)
 Temple: D:4-7

Altars:
Ashenzari
Dithmenos
Qazlal

Annotations:
D:4 Dowan


Innate Abilities, Weirdness & Mutations

You are a tree.
Your roots penetrate the ground, keeping you stationary.
You cannot be teleported.
You are immune to unholy pain and torment.
Your maximum health is greatly increased.
Your equipment is partially melded.
((You have very sharp teeth.))
Your uncanny sense of smell can sniff out nearby items.
Your experience applies equally to all skills.


Message History

* * * LOW HITPOINT WARNING * * *
You barely miss Duvessa.
Duvessa is severely wounded.
Duvessa hits you but does no damage. Dowan hits you but does no damage.
You hit Duvessa.
Duvessa is severely wounded.
Duvessa hits you but does no damage. Dowan hits you but does no damage.
You thump Duvessa!
Duvessa is almost dead.
You block Duvessa's attack. Dowan hits you but does no damage.
You hit Duvessa.
You kill Duvessa!
Dowan screams, "No!
Oh no!"
Dowan seems to find hidden reserves of power!
You block Dowan's attack. Dowan hits you but does no damage.
You feel your strength returning.
You feel your dexterity returning.
Your Short Blades skill increases to level 2!
Your Long Blades skill increases to level 2!
Your Axes skill increases to level 2!
Your Maces & Flails skill increases to level 5!
Your Polearms skill increases to level 2!
Your Staves skill increases to level 2!
Your Ranged Weapons skill increases to level 2!
Your Throwing skill increases to level 2!
Your Dodging skill increases to level 2!
Your Stealth skill increases to level 2!
Your Unarmed Combat skill increases to level 2!
Your Spellcasting skill increases to level 2!
Your Evocations skill increases to level 2!
You have reached level 6!
You hit Dowan.
Dowan is lightly wounded.
Dowan gestures at you while chanting.
The shard of ice hits you but does no damage.
Dowan barely misses you.
You miss Dowan.
Dowan is lightly wounded.
Dowan gestures at you while chanting. The shard of ice hits you.
You partially resist.
You die...

..# ... #.# #e# #.#
#.# ############ #.#
#.........<#
#.#########.#..#######
#....)♣e....#))#
#############..#
#.......# #.#####.#
#.......# #######.#
#.# ###


You could see Dowan (fast).

Vanquished Creatures
  Duvessa (D:4)
  An orc priest (D:4)
  Terence (D:3)
  5 adders
  5 gnolls (D:2)
  2 orcs (D:4)
  6 ball pythons
  4 endoplasms
  7 giant cockroaches
  6 goblins
  4 hobgoblins
  6 jackals (D:2)
  5 quokkas
  10 bats
  A frilled lizard (D:1)
  3 kobolds
  5 rats
72 creatures vanquished.

Notes
Turn   | Place    | Note
-------+----------+-------------------------------------------
     0 | D:1      | retardedninja the Gnoll Fighter began the quest for the
                  | Orb.
     0 | D:1      | Reached XP level 1. HP: 23/23 MP: 1/1
    76 | D:1      | Reached XP level 2. HP: 29/29 MP: 2/2
   705 | D:1      | Reached XP level 3. HP: 35/35 MP: 3/3
   955 | D:2      | Reached skill level 1 in Invocations
   967 | D:2      | Reached skill level 1 in Short Blades
   967 | D:2      | Reached skill level 1 in Long Blades
   967 | D:2      | Reached skill level 1 in Axes
   967 | D:2      | Reached skill level 1 in Polearms
   967 | D:2      | Reached skill level 1 in Staves
   967 | D:2      | Reached skill level 1 in Ranged Weapons
   967 | D:2      | Reached skill level 1 in Throwing
   967 | D:2      | Reached skill level 1 in Dodging
   967 | D:2      | Reached skill level 1 in Stealth
   967 | D:2      | Reached skill level 1 in Unarmed Combat
   967 | D:2      | Reached skill level 1 in Spellcasting
   967 | D:2      | Reached skill level 1 in Evocations
  1268 | D:2      | Reached XP level 4. HP: 35/41 MP: 5/5
  1429 | D:2      | Found a stormy altar of Qazlal.
  1483 | D:2      | Reached skill level 1 in Conjurations
  1483 | D:2      | Reached skill level 1 in Hexes
  1483 | D:2      | Reached skill level 1 in Summonings
  1483 | D:2      | Reached skill level 1 in Necromancy
  1483 | D:2      | Reached skill level 1 in Translocations
  1483 | D:2      | Reached skill level 1 in Transmutations
  1483 | D:2      | Reached skill level 1 in Fire Magic
  1483 | D:2      | Reached skill level 1 in Ice Magic
  1483 | D:2      | Reached skill level 1 in Air Magic
  1483 | D:2      | Reached skill level 1 in Earth Magic
  1483 | D:2      | Reached skill level 1 in Poison Magic
  1631 | D:2      | Reached XP level 5. HP: 46/47 MP: 5/7
  1657 | D:2      | Found a faded altar of an unknown god.
  2358 | D:3      | Noticed Terence
  2381 | D:3      | Killed Terence
  2582 | D:3      | Found a broken altar of Ashenzari.
  2583 | D:3      | Found a shadowy altar of Dithmenos.
  3233 | D:4      | Noticed Duvessa
  3246 | D:4      | Noticed Dowan
  3276 | D:4      | HP: 2/70 [Duvessa/+0 rapier (3)]
  3280 | D:4      | Killed Duvessa
  3281 | D:4      | Reached skill level 5 in Maces & Flails
  3281 | D:4      | Reached XP level 6. HP: 3/53 MP: 7/9
  3282 | D:4      | Killed from afar by Dowan

Illustrated notes

Levels and vault maps discovered:
D:1:      psy_arrival_statuary, layout_basic, minmay_box_of_dots
D:2:      layout_rooms, basic_altar,
          dreamdust_ecumenical_altar_angels_and_demons,
          minmay_randomly_rotated_circles
D:3:      layout_basic, nicolae_overflow_crystal_walls,
          mainiacjoe_overflow_chevrons, st_stairs_13, minmay_crystal_water,
          uniq_terence
D:4:      gammafunk_wand_slinger, layout_basic, grunt_temple_overflow_open,
          minmay_temple_entry_junction, uniq_duvessa

Skill      XL: |  1  2  3  4  5 |
---------------+----------------+-----
Invocations    | 1 2 |  2.2
Short Blades   | 1 2 |  2.0
Long Blades    | 1 2 |  2.0
Axes           | 1 2 |  2.0
Polearms       | 1 2 |  2.0
Staves         | 1 2 |  2.0
Ranged Weapons | 1 2 |  2.0
Throwing       | 1 2 |  2.0
Dodging        | 1 2 |  2.0
Stealth        | 1 2 |  2.0
Unarmed Combat | 1 2 |  2.0
Spellcasting   | 1 2 |  2.0
Evocations     | 1 2 |  2.0
Conjurations   | 1 |  1.6
Hexes          | 1 |  1.6
Summonings     | 1 |  1.6
Necromancy     | 1 |  1.6
Translocations | 1 |  1.6
Transmutations | 1 |  1.6
Fire Magic     | 1 |  1.6
Ice Magic      | 1 |  1.6
Air Magic      | 1 |  1.6
Earth Magic    | 1 |  1.6
Poison Magic   | 1 |  1.6
Maces & Flails | 5 |  5.0
Fighting       | |  6.8
Armour         | |  6.8
Shields        | |  6.8

Action                     |  1- 3 |  4- 6 || total
---------------------------+-------+-------++-------
  Melee: Flail             |    74 |   182 ||   256
         Bite              |     9 |    10 ||    19
    Use: Potion            |     5 |     5 ||    10
 Armour: Scale mail        |    56 |    43 ||    99
         Skin              |     8 |    34 ||    42
         Chain mail        |       |    33 ||    33
  Dodge: Dodged            |    49 |    66 ||   115
  Block: Buckler           |    35 |    56 ||    91

Table legend: (Time is in decaauts)
 A = Elapsed time spent in this place.
 B = Non-inter-level travel time spent in this place.
 C = Inter-level travel time spent in this place.
 D = Time resting spent in this place.
 E = Time spent auto-exploring this place.
 F = Levels seen in this place.
 G = Mean time per level.
                   A        B        C        D        E       F      G
               +--------+--------+--------+--------+--------+-----+--------+
         Total |   3333 |   3214 |    119 |    593 |   1997 |   4 |  833.2 |
       Dungeon |   3333 |   3214 |    119 |    593 |   1997 |   4 |  833.2 |
               +--------+--------+--------+--------+--------+-----+--------+

Top non-repeatable levels by time:
     D:2: 1133 daAuts
     D:3: 1004 daAuts
     D:1: 943 daAuts
     D:4: 250 daAuts
